WCHLSIM.com - West Coast Hockey League
Teams
League projects
html PUBLIC "-//W3C//DTD XHTML 1.0 Transitional//EN" "http://www.w3.org/TR/xhtml1/DTD/xhtml1-transitional.dtd"> WCHL - Game 212 - SAN DIEGO THUNDER vs SAN FRANCISCO SPIDERS

SAN DIEGO THUNDER vs SAN FRANCISCO SPIDERS

Created - 14 novembre 2024 at 14:30

Goals
1 2 3 T
SAN DIEGO THUNDER 0 0 1 1
SAN FRANCISCO SPIDERS 2 1 0 3
Shots
1 2 3 T
SAN DIEGO THUNDER 14 6 13 33
SAN FRANCISCO SPIDERS 5 16 7 28

1st period

1. SAN FRANCISCO SPIDERS , Brock Faber 7 (Andrei Svechnikov 3) at 6:03
2. SAN FRANCISCO SPIDERS , Trevor Moore 3 (Brady Tkachuk 17, Brock Faber 10) at 7:46

Penalties :
Brady Tkachuk (SAF) for Holding (Minor) at 2:57, Shea Theodore (SAF) for Kneeing (Minor) at 8:41

2nd period

3. SAN FRANCISCO SPIDERS , Bo Horvat 10 (Gustav Nyquist 8, Zach Hyman 8) at 9:16

Penalties :
Derek Forbort (SDG) for Holding (Minor) at 3:28, Sean Durzi (SAF) for Tripping (Minor) at 10:59, Gustav Nyquist (SAF) for Hooking (Minor) at 18:53

3rd period

4. SAN DIEGO THUNDER , Connor Murphy 1 (Jack Johnson 1, Filip Zadina 1) at 19:36

Penalties :
No Penalty

Goalie Stats

Arvid Soderblom (SDG), 25 saves from 28 shots - (0,893), L, 1-5-1, 60:00 minutes
Igor Shesterkin (SAF), 32 saves from 33 shots - (0,970), W, 10-2-1, 60:00 minutes

Players Stats for SAN DIEGO THUNDER

Player Name              G  A  P  +/- PIM S  H  SB GA TA FO     MP     PP MP  PK MP  
------------------------------------------------------------------------------------
Aliaksei Protas          0  0  0   0  0   1  0  0  0  0  0/0     0:16   0:16   0:00 
Brendan Gallagher        0  0  0  -1  0   2  0  0  0  0  0/2    19:04   4:30   0:46 
Connor Murphy            1  0  1  -1  0   1  4  2  0  0  0/0    23:01   3:35   0:49 
Derek Forbort            0  0  0  -1  2   0  2  1  0  0  0/0    17:49   0:00   0:00 
Dmitri Voronkov          0  0  0   0  0   0  1  0  0  0  3/5     4:02   0:00   0:00 
Erik Cernak              0  0  0   0  0   2  0  0  0  0  0/0    21:48   4:35   1:44 
Filip Zadina             0  1  1   1  0   0  0  0  0  0  0/0    15:16   0:00   0:00 
Jack Johnson             0  1  1  -1  0   0  2  2  0  0  0/0    21:05   3:23   0:56 
Jake Neighbours          0  0  0   1  0   0  1  0  0  0  0/3    15:16   0:00   0:00 
Joel Farabee             0  0  0  -2  0   5  0  0  0  0  5/19   16:59   0:00   0:00 
Luke Kunin               0  0  0  -2  0   3  1  0  0  0  1/2    20:23   3:24   0:00 
Marc Staal               0  0  0   0  0   0  0  1  0  0  0/0    15:56   0:00   0:29 
Marcus Johansson         0  0  0  -1  0   2  0  0  0  0  0/0    19:33   4:32   1:13 
Nicklaus Perbix          0  0  0  -1  0   3  0  0  0  0  0/0    20:20   4:19   0:00 
Radek Faksa              0  0  0   1  0   1  2  0  0  0  10/16  18:26   3:10   0:00 
Steven Lorentz           0  0  0   0  0   0  1  0  0  0  0/1     4:02   0:00   0:00 
Viktor Arvidsson         0  0  0  -2  0   1  0  0  0  0  0/0    21:09   3:24   0:46 
Wyatt Johnston           0  0  0  -1  0   12 1  0  0  0  17/28  23:35   4:32   1:13 

Players Stats for SAN FRANCISCO SPIDERS

Player Name              G  A  P  +/- PIM S  H  SB GA TA FO     MP     PP MP  PK MP  
------------------------------------------------------------------------------------
Andrei Svechnikov        0  1  1   1  0   0  1  0  0  0  0/2    13:17   0:39   0:19 
Bo Horvat                1  0  1   1  0   3  0  0  0  0  14/22  21:00   1:20   2:43 
Brady Tkachuk            0  1  1   0  2   4  4  0  0  0  1/1    19:13   1:20   0:18 
Brent Burns              0  0  0   0  0   1  4  2  0  0  0/0    26:13   1:20   4:19 
Brock Faber              1  1  2   2  0   2  1  0  0  0  0/0    21:35   1:20   3:37 
Connor McMichael         0  0  0   0  0   0  0  0  0  0  1/3     3:13   0:00   0:00 
Cooper Marody            0  0  0   0  0   0  0  0  0  0  0/0     3:13   0:00   0:00 
Dakota Joshua            0  0  0   1  0   1  1  0  0  0  5/15   12:19   0:00   0:00 
Gustav Nyquist           0  1  1   1  2   7  0  0  0  0  1/1    20:40   0:39   3:05 
Jacob Middleton          0  0  0   0  0   1  0  5  0  0  0/0    15:07   0:00   2:14 
Jared McCann             0  0  0   1  0   0  0  0  0  0  0/0    12:19   0:00   0:00 
Justin Brazeau           0  0  0   0  0   0  1  0  0  0  0/0     3:13   0:00   0:00 
Luke Hughes              0  0  0   0  0   0  0  0  0  0  0/0    12:53   0:00   0:00 
Nick Bjugstad            0  0  0   0  0   3  0  0  0  0  18/29  23:28   0:39   5:13 
Sean Durzi               0  0  0   2  2   0  1  0  0  0  0/0    19:58   0:39   2:42 
Shea Theodore            0  0  0   0  2   0  2  0  0  0  0/0    24:12   0:39   3:00 
Trevor Moore             1  0  1   0  0   1  0  0  0  0  0/1    21:50   0:00   4:14 
Zach Hyman               0  1  1   1  0   5  0  0  0  0  0/2    18:17   1:20   0:00 

3 Stars

1 - Brock Faber (SAF)
2 - Igor Shesterkin (SAF)
3 - Bo Horvat (SAF)

Power Play

SAN DIEGO THUNDER - 0 on 4 Attempt(s) - 0,00%
SAN FRANCISCO SPIDERS - 0 on 1 Attempt(s) - 0,00%

Penalty Kill

SAN DIEGO THUNDER - 1 on 1 Attempt(s) - 100,00% - Score 0 goal in Penalty Kill
SAN FRANCISCO SPIDERS - 4 on 4 Attempt(s) - 100,00% - Score 0 goal in Penalty Kill

Team Stat

SAN DIEGO THUNDER - Hits : 15 - Faceoff Wins : 36 - Blocked Shots : 6 - Penalty Minutes : 2
SAN FRANCISCO SPIDERS - Hits : 15 - Faceoff Wins : 40 - Blocked Shots : 7 - Penalty Minutes : 8

Official

Referees : Tim Peel and Justin St. Pierre
Linesman : Brent Colby and Andrew Smith

Game Notes

No Game Note

Finance

Level 1 -- Attendance: 6008 (98,41%) -- Ticket Income 901 200 $
Level 2 -- Attendance: 5180 (100,00%) -- Ticket Income 518 000 $
Level 3 -- Attendance: 2035 (100,00%) -- Ticket Income 162 800 $
Level 4 -- Attendance: 4180 (100,00%) -- Ticket Income 250 800 $
Luxury Box -- Attendance: 955 (95,50%) -- Ticket Income 286 500 $
Game was played at the Bay Area Sports Center.
Total Attendance: 18358 (99,23%)
Total Ticket Income: 2 119 300 $
Other Expense: 21 193 $
Total Income: 2 098 107 $

SAN DIEGO THUNDER

5 vs 5 Forward 
   Center                   Left Wing                Right Wing               Time % Phy DF OF 
 1 Wyatt Johnston           Marcus Johansson         Brendan Gallagher        32     1   2  2  
 2 Joel Farabee             Viktor Arvidsson         Luke Kunin               31     1   2  2  
 3 Radek Faksa              Jake Neighbours          Filip Zadina             27     1   2  2  
 4 Dmitri Voronkov          Steven Lorentz           Wyatt Johnston           10     1   2  2  

5 vs 5 Defense 
   Defense                  Defense                                           Time % Phy DF OF 
 1 Marc Staal               Erik Cernak                                       36     1   2  2  
 2 Connor Murphy            Jack Johnson                                      31     1   2  2  
 3 Nicklaus Perbix          Derek Forbort                                     23     1   2  2  
 4 Connor Murphy            Erik Cernak                                       10     1   2  2  

PowerPlay Forward 
   Center                   Left Wing                Right Wing               Time % Phy DF OF 
 1 Wyatt Johnston           Marcus Johansson         Brendan Gallagher        55     1   2  2  
 2 Radek Faksa              Viktor Arvidsson         Luke Kunin               45     1   2  2  

PowerPlay Defense
   Defense                  Defense                                           Time % Phy DF OF 
 1 Nicklaus Perbix          Erik Cernak                                       55     1   2  2  
 2 Connor Murphy            Jack Johnson                                      45     1   2  2  

Penalty Kill 4 Players Forward 
   Center                   Wing                     Time % Phy DF OF 
 1 Wyatt Johnston           Marcus Johansson         55     1   2  2  
 2 Brendan Gallagher        Viktor Arvidsson         45     1   2  2  

Penalty Kill 4 Players Defense
   Defense                  Defense                  Time % Phy DF OF 
 1 Derek Forbort            Erik Cernak              55     1   2  2  
 2 Connor Murphy            Jack Johnson             45     1   2  2  

Penalty Kill - 3 Players Forward 
   Forward                                           Time % Phy DF OF 
 1 Wyatt Johnston                                    55     1   2  2  
 2 Marcus Johansson                                  45     1   2  2  

Penalty Kill - 3 Players Defense
   Defense                  Defense                  Time % Phy DF OF 
 1 Nicklaus Perbix          Erik Cernak              55     1   2  2  
 2 Connor Murphy            Jack Johnson             45     1   2  2  

4 vs 4 Forward 
   Center                   Wing                     Time % Phy DF OF 
 1 Wyatt Johnston           Marcus Johansson         55     1   2  2  
 2 Brendan Gallagher        Viktor Arvidsson         45     1   2  2  

4 vs 4 Defense
   Defense                  Defense                  Time % Phy DF OF 
 1 Marc Staal               Erik Cernak              55     1   2  2  
 2 Connor Murphy            Jack Johnson             45     1   2  2  

Last Minutes Offensive
   Center                   Left Wing                Right Wing               Defense                  Defense                  
   Wyatt Johnston           Marcus Johansson         Brendan Gallagher        Marc Staal               Erik Cernak              

Last Minutes Defensive
   Center                   Left Wing                Right Wing               Defense                  Defense                  
   Wyatt Johnston           Marcus Johansson         Brendan Gallagher        Marc Staal               Erik Cernak              

Goaltenders
Starting : Arvid Soderblom          
Backup : Akira Schmid             

Extra Forwards
Normal : Aliaksei Protas, Jake Neighbours, Radek Faksa - PP : Aliaksei Protas, Jake Neighbours - PK : Radek Faksa
Extra Defensemen
Normal : Nicklaus Perbix, Derek Forbort, Connor Murphy - PP : Nicklaus Perbix - PK : Derek Forbort, Connor Murphy
Penalty Shots
Wyatt Johnston, Marcus Johansson, Brendan Gallagher, Viktor Arvidsson, Jake Neighbours
Custom OT Lines Forwards
Wyatt Johnston, Marcus Johansson, Brendan Gallagher, Viktor Arvidsson, Joel Farabee, Jake Neighbours, Radek Faksa, Luke Kunin, Dmitri Voronkov, Aliaksei Protas
Custom OT Lines Defensemen
Derek Forbort, Erik Cernak, Connor Murphy, Jack Johnson, Nicklaus Perbix

Scratches
Trevor Lewis (Healthy), Charles McAvoy (Dislocated Patella Injury), Adam Boqvist (Healthy), Martin Jones (Left Ankle Injury)

SAN FRANCISCO SPIDERS

5 vs 5 Forward 
   Center                   Left Wing                Right Wing               Time % Phy DF OF 
 1 Bo Horvat                Gustav Nyquist           Zach Hyman               35     0   1  4  
 2 Nick Bjugstad            Brady Tkachuk            Trevor Moore             35     0   1  4  
 3 Dakota Joshua            Jared McCann             Andrei Svechnikov        25     0   2  3  
 4 Connor McMichael         Cooper Marody            Justin Brazeau           5      0   5  0  

5 vs 5 Defense 
   Defense                  Defense                                           Time % Phy DF OF 
 1 Shea Theodore            Brent Burns                                       36     0   2  3  
 2 Brock Faber              Sean Durzi                                        34     0   2  3  
 3 Luke Hughes              Jacob Middleton                                   20     0   5  0  
 4 Shea Theodore            Brent Burns                                       10     0   3  2  

PowerPlay Forward 
   Center                   Left Wing                Right Wing               Time % Phy DF OF 
 1 Bo Horvat                Brady Tkachuk            Zach Hyman               55     0   1  4  
 2 Nick Bjugstad            Andrei Svechnikov        Gustav Nyquist           45     0   1  4  

PowerPlay Defense
   Defense                  Defense                                           Time % Phy DF OF 
 1 Brock Faber              Brent Burns                                       55     0   1  4  
 2 Shea Theodore            Sean Durzi                                        45     0   1  4  

Penalty Kill 4 Players Forward 
   Center                   Wing                     Time % Phy DF OF 
 1 Nick Bjugstad            Gustav Nyquist           55     0   5  0  
 2 Bo Horvat                Trevor Moore             45     0   5  0  

Penalty Kill 4 Players Defense
   Defense                  Defense                  Time % Phy DF OF 
 1 Shea Theodore            Brent Burns              55     0   5  0  
 2 Brock Faber              Sean Durzi               45     0   5  0  

Penalty Kill - 3 Players Forward 
   Forward                                           Time % Phy DF OF 
 1 Nick Bjugstad                                     55     0   5  0  
 2 Gustav Nyquist                                    45     0   5  0  

Penalty Kill - 3 Players Defense
   Defense                  Defense                  Time % Phy DF OF 
 1 Shea Theodore            Brent Burns              55     0   5  0  
 2 Brock Faber              Sean Durzi               45     0   5  0  

4 vs 4 Forward 
   Center                   Wing                     Time % Phy DF OF 
 1 Jared McCann             Gustav Nyquist           55     1   2  2  
 2 Bo Horvat                Zach Hyman               45     1   2  2  

4 vs 4 Defense
   Defense                  Defense                  Time % Phy DF OF 
 1 Shea Theodore            Brent Burns              55     1   2  2  
 2 Brock Faber              Sean Durzi               45     1   2  2  

Last Minutes Offensive
   Center                   Left Wing                Right Wing               Defense                  Defense                  
   Bo Horvat                Gustav Nyquist           Zach Hyman               Shea Theodore            Brent Burns              

Last Minutes Defensive
   Center                   Left Wing                Right Wing               Defense                  Defense                  
   Nick Bjugstad            Gustav Nyquist           Zach Hyman               Shea Theodore            Brent Burns              

Goaltenders
Starting : Igor Shesterkin          
Backup : Justus Annunen           

Extra Forwards
Normal : Connor McMichael, Nick Bjugstad, Trevor Moore - PP : Connor McMichael, Nick Bjugstad - PK : Trevor Moore
Extra Defensemen
Normal : Luke Hughes, Jacob Middleton, Brock Faber - PP : Luke Hughes - PK : Jacob Middleton, Brock Faber
Penalty Shots
Bo Horvat, Gustav Nyquist, Brady Tkachuk, Zach Hyman, Jared McCann
Custom OT Lines Forwards
Bo Horvat, Gustav Nyquist, Zach Hyman, Brady Tkachuk, Nick Bjugstad, Jared McCann, Trevor Moore, Andrei Svechnikov, Dakota Joshua, Connor McMichael
Custom OT Lines Defensemen
Shea Theodore, Brent Burns, Brock Faber, Sean Durzi, Luke Hughes

Scratches
Sebastian Aho (Sprained Left Knee Injury)

% Time on Ice - SAN DIEGO THUNDER

Lines # - Real PCT - Wanted PCT - Time Play
Normal Forward
1 - 28% - 32% - 13:48
2 - 34% - 31% - 16:59
3 - 30% - 27% - 15:16
4 - 8% - 10% - 4:02
Normal Defense
1 - 31% - 36% - 15:27
2 - 33% - 31% - 16:46
3 - 32% - 23% - 16:01
4 - 4% - 10% - 1:51
PP Forward
1 - 57% - 55% - 4:32
2 - 43% - 45% - 3:24
PP Defense
1 - 58% - 55% - 4:35
2 - 42% - 45% - 3:21
PK Forward
1 - 61% - 55% - 1:13
2 - 39% - 45% - 0:46
PK Defense
1 - 100% - 55% - 1:59
2 - 0% - 45% - 0:00
PK3 Forward
1 - 0% - 55%
2 - 0% - 45%
PK3 Defense
1 - 0% - 55%
2 - 0% - 45%
44 Forward
1 - 0% - 55%
2 - 0% - 45%
44 Defense
1 - 0% - 55%
2 - 0% - 45%
Last Minute Offensive  - 0:00
Last Minute Defensive  - 0:00
Total
Forward - 60:00
Defense - 60:00

% Time on Ice - SAN FRANCISCO SPIDERS

Lines # - Real PCT - Wanted PCT - Time Play
Normal Forward
1 - 34% - 35% - 16:57
2 - 35% - 35% - 17:36
3 - 25% - 25% - 12:19
4 - 6% - 5% - 3:13
Normal Defense
1 - 36% - 36% - 18:10
2 - 33% - 34% - 16:38
3 - 26% - 20% - 12:53
4 - 5% - 10% - 2:24
PP Forward
1 - 67% - 55% - 1:20
2 - 33% - 45% - 0:39
PP Defense
1 - 67% - 55% - 1:20
2 - 33% - 45% - 0:39
PK Forward
1 - 66% - 55% - 5:15
2 - 34% - 45% - 2:41
PK Defense
1 - 54% - 55% - 4:19
2 - 46% - 45% - 3:37
PK3 Forward
1 - 0% - 55%
2 - 0% - 45%
PK3 Defense
1 - 0% - 55%
2 - 0% - 45%
44 Forward
1 - 0% - 55%
2 - 0% - 45%
44 Defense
1 - 0% - 55%
2 - 0% - 45%
Last Minute Offensive  - 0:00
Last Minute Defensive  - 0:00
Total
Forward - 60:00
Defense - 60:00

Play-by-Play

1st period


0:01 of 1st period - Wyatt Johnston wins face-off versus Bo Horvat in neutral zone.
0:20 of 1st period - Shot by Wyatt Johnston.
0:20 of 1st period - Stopped by Igor Shesterkin without a rebound.
0:21 of 1st period - Nick Bjugstad wins face-off versus Joel Farabee in SAN FRANCISCO SPIDERS zone.
0:34 of 1st period - Shot by Brock Faber.
0:34 of 1st period - Shot Blocked by Connor Murphy.
0:40 of 1st period - Shot by Viktor Arvidsson.
0:40 of 1st period - Shot Misses the Net.
0:42 of 1st period - Shot by Luke Kunin.
0:42 of 1st period - Deflect By Joel Farabee.
0:42 of 1st period - Stopped by Igor Shesterkin with a rebound.
0:57 of 1st period - Shot by Joel Farabee.
0:57 of 1st period - Stopped by Igor Shesterkin without a rebound.
0:58 of 1st period - Dakota Joshua wins face-off versus Radek Faksa in SAN FRANCISCO SPIDERS zone.
2:01 of 1st period - Icing by Brent Burns.
2:02 of 1st period - Joel Farabee wins face-off versus Bo Horvat in SAN FRANCISCO SPIDERS zone.
2:27 of 1st period - Shot by Zach Hyman.
2:27 of 1st period - Shot Misses the Net.
2:45 of 1st period - Brent Burns is hit by Luke Kunin and loses puck.
2:57 of 1st period - Minor Penalty to Brady Tkachuk for Holding.
2:58 of 1st period - Wyatt Johnston wins face-off versus Nick Bjugstad in SAN FRANCISCO SPIDERS zone.
4:15 of 1st period - Luke Kunin is hit by Sean Durzi.
5:01 of 1st period - Shot by Filip Zadina.
5:01 of 1st period - Deflect By Jake Neighbours.
5:01 of 1st period - Shot Blocked by Jacob Middleton.
6:01 of 1st period - Shot by Andrei Svechnikov.
6:01 of 1st period - Shot Misses the Net.
6:03 of 1st period - Shot by Brock Faber.
6:03 of 1st period - Goal by Brock Faber - SAN DIEGO THUNDER : 0 - SAN FRANCISCO SPIDERS : 1.
6:04 of 1st period - Nick Bjugstad wins face-off versus Dmitri Voronkov in neutral zone.
6:24 of 1st period - Shot by Wyatt Johnston.
6:24 of 1st period - Stopped by Igor Shesterkin with a rebound.
6:26 of 1st period - Shot by Wyatt Johnston.
6:26 of 1st period - Stopped by Igor Shesterkin without a rebound.
6:27 of 1st period - Bo Horvat wins face-off versus Joel Farabee in SAN FRANCISCO SPIDERS zone.
7:44 of 1st period - Shot by Brady Tkachuk.
7:44 of 1st period - Shot Misses the Net.
7:46 of 1st period - Shot by Trevor Moore.
7:46 of 1st period - Goal by Trevor Moore - SAN DIEGO THUNDER : 0 - SAN FRANCISCO SPIDERS : 2.
7:47 of 1st period - Wyatt Johnston wins face-off versus Andrei Svechnikov in neutral zone.
7:54 of 1st period - Shot by Wyatt Johnston.
7:54 of 1st period - Shot Blocked by Jacob Middleton.
8:02 of 1st period - Shot by Jared McCann.
8:02 of 1st period - Deflect By Andrei Svechnikov.
8:02 of 1st period - Shot Misses the Net.
8:04 of 1st period - Shot by Luke Hughes.
8:04 of 1st period - Shot Blocked by Marc Staal.
8:06 of 1st period - Shot by Dakota Joshua.
8:06 of 1st period - Shot Misses the Net.
8:08 of 1st period - Shot by Jacob Middleton.
8:08 of 1st period - Stopped by Arvid Soderblom without a rebound.
8:09 of 1st period - Nick Bjugstad wins face-off versus Jake Neighbours in SAN DIEGO THUNDER zone.
8:34 of 1st period - Off-side.
8:35 of 1st period - Wyatt Johnston wins face-off versus Dakota Joshua in neutral zone.
8:41 of 1st period - Shot by Erik Cernak.
8:41 of 1st period - Stopped by Igor Shesterkin without a rebound.
8:41 of 1st period - Minor Penalty to Shea Theodore for Kneeing.
8:42 of 1st period - Nick Bjugstad wins face-off versus Wyatt Johnston in SAN FRANCISCO SPIDERS zone.
9:06 of 1st period - Shot by Marcus Johansson.
9:06 of 1st period - Deflect By Wyatt Johnston.
9:06 of 1st period - Stopped by Igor Shesterkin with a rebound.
9:08 of 1st period - Shot by Wyatt Johnston.
9:08 of 1st period - Stopped by Igor Shesterkin without a rebound.
9:09 of 1st period - Radek Faksa wins face-off versus Nick Bjugstad in SAN FRANCISCO SPIDERS zone.
9:12 of 1st period - Shot by Luke Kunin.
9:12 of 1st period - Stopped by Igor Shesterkin without a rebound.
9:13 of 1st period - Nick Bjugstad wins face-off versus Radek Faksa in SAN FRANCISCO SPIDERS zone.
9:19 of 1st period - Icing by Nicklaus Perbix.
9:20 of 1st period - Luke Kunin wins face-off versus Nick Bjugstad in SAN DIEGO THUNDER zone.
10:29 of 1st period - Shot by Brendan Gallagher.
10:29 of 1st period - Stopped by Igor Shesterkin without a rebound.
10:30 of 1st period - Wyatt Johnston wins face-off versus Bo Horvat in SAN FRANCISCO SPIDERS zone.
11:08 of 1st period - Shot by Radek Faksa.
11:08 of 1st period - Deflect By Filip Zadina.
11:08 of 1st period - Shot Blocked by Brent Burns.
11:10 of 1st period - Shot by Filip Zadina.
11:10 of 1st period - Shot Misses the Net.
11:48 of 1st period - Shot by Joel Farabee.
11:48 of 1st period - Stopped by Igor Shesterkin with a rebound.
12:21 of 1st period - Shot by Wyatt Johnston.
12:21 of 1st period - Stopped by Igor Shesterkin without a rebound.
12:22 of 1st period - Dmitri Voronkov wins face-off versus Zach Hyman in SAN FRANCISCO SPIDERS zone.
12:55 of 1st period - Off-side.
12:56 of 1st period - Radek Faksa wins face-off versus Dakota Joshua in neutral zone.
12:59 of 1st period - Brent Burns is hit by Radek Faksa and loses puck.
14:14 of 1st period - Luke Kunin is hit by Brock Faber and loses puck.
14:31 of 1st period - Shot by Sean Durzi.
14:31 of 1st period - Shot Blocked by Derek Forbort.
14:45 of 1st period - Marcus Johansson is hit by Brady Tkachuk.
15:09 of 1st period - Shot by Wyatt Johnston.
15:09 of 1st period - Shot Misses the Net.
16:00 of 1st period - Shot by Bo Horvat.
16:00 of 1st period - Shot Misses the Net.
16:16 of 1st period - Shot by Gustav Nyquist.
16:16 of 1st period - Deflect By Bo Horvat.
16:16 of 1st period - Shot Misses the Net.
17:05 of 1st period - Icing by Derek Forbort.
17:06 of 1st period - Connor McMichael wins face-off versus Radek Faksa in SAN DIEGO THUNDER zone.
18:03 of 1st period - Shot by Shea Theodore.
18:03 of 1st period - Shot Misses the Net.
18:05 of 1st period - Shot by Shea Theodore.
18:05 of 1st period - Shot Misses the Net.
18:07 of 1st period - Shot by Dakota Joshua.
18:07 of 1st period - Stopped by Arvid Soderblom without a rebound.
18:08 of 1st period - Bo Horvat wins face-off versus Wyatt Johnston in SAN DIEGO THUNDER zone.
18:33 of 1st period - Shot by Zach Hyman.
18:33 of 1st period - Shot Misses the Net.
18:35 of 1st period - Shot by Gustav Nyquist.
18:35 of 1st period - Shot Misses the Net.
18:37 of 1st period - Shot by Bo Horvat.
18:37 of 1st period - Shot Misses the Net.
18:39 of 1st period - Shot by Zach Hyman.
18:39 of 1st period - Stopped by Arvid Soderblom without a rebound.
18:40 of 1st period - Nick Bjugstad wins face-off versus Joel Farabee in SAN DIEGO THUNDER zone.
19:14 of 1st period - Shot by Joel Farabee.
19:14 of 1st period - Stopped by Igor Shesterkin with a rebound.
19:16 of 1st period - Shot by Nicklaus Perbix.
19:16 of 1st period - Stopped by Igor Shesterkin with a rebound.
19:40 of 1st period - Shot by Filip Zadina.
19:40 of 1st period - Shot Hit the Post.
Goals for this period are 0 for SAN DIEGO THUNDER vs 2 for SAN FRANCISCO SPIDERS.
Shots for this period are 14 for SAN DIEGO THUNDER vs 5 for SAN FRANCISCO SPIDERS.

2nd period


0:01 of 2nd period - Wyatt Johnston wins face-off versus Bo Horvat in neutral zone.
1:17 of 2nd period - Shot by Joel Farabee.
1:17 of 2nd period - Stopped by Igor Shesterkin without a rebound.
1:18 of 2nd period - Radek Faksa wins face-off versus Dakota Joshua in SAN FRANCISCO SPIDERS zone.
1:51 of 2nd period - Shot by Radek Faksa.
1:51 of 2nd period - Stopped by Igor Shesterkin with a rebound.
2:42 of 2nd period - Shot by Luke Kunin.
2:42 of 2nd period - Shot Misses the Net.
2:44 of 2nd period - Shot by Luke Kunin.
2:44 of 2nd period - Stopped by Igor Shesterkin without a rebound.
2:45 of 2nd period - Wyatt Johnston wins face-off versus Nick Bjugstad in SAN FRANCISCO SPIDERS zone.
2:45 of 2nd period - Marcus Johansson is hit by Brent Burns and loses puck.
3:27 of 2nd period - Shot by Brady Tkachuk.
3:27 of 2nd period - Stopped by Arvid Soderblom without a rebound.
3:28 of 2nd period - Gustav Nyquist wins face-off versus Jake Neighbours in SAN DIEGO THUNDER zone.
3:28 of 2nd period - Minor Penalty to Derek Forbort for Holding.
3:29 of 2nd period - Wyatt Johnston wins face-off versus Zach Hyman in SAN DIEGO THUNDER zone.
4:38 of 2nd period - Shot by Gustav Nyquist.
4:38 of 2nd period - Stopped by Arvid Soderblom without a rebound.
4:39 of 2nd period - Wyatt Johnston wins face-off versus Andrei Svechnikov in SAN DIEGO THUNDER zone.
4:45 of 2nd period - Icing by Nick Bjugstad.
4:46 of 2nd period - Wyatt Johnston wins face-off versus Nick Bjugstad in SAN FRANCISCO SPIDERS zone.
4:53 of 2nd period - Shot by Wyatt Johnston.
4:53 of 2nd period - Stopped by Igor Shesterkin without a rebound.
4:54 of 2nd period - Bo Horvat wins face-off versus Wyatt Johnston in SAN FRANCISCO SPIDERS zone.
5:52 of 2nd period - Icing by Dakota Joshua.
5:53 of 2nd period - Dakota Joshua wins face-off versus Joel Farabee in SAN FRANCISCO SPIDERS zone.
6:04 of 2nd period - Shot by Luke Kunin.
6:04 of 2nd period - Stopped by Igor Shesterkin without a rebound.
6:05 of 2nd period - Bo Horvat wins face-off versus Steven Lorentz in SAN FRANCISCO SPIDERS zone.
6:20 of 2nd period - Shot by Zach Hyman.
6:20 of 2nd period - Shot Misses the Net.
6:22 of 2nd period - Shot by Gustav Nyquist.
6:22 of 2nd period - Shot Blocked by Connor Murphy.
6:49 of 2nd period - Gustav Nyquist is hit by Jack Johnson and loses puck.
6:54 of 2nd period - Shot by Gustav Nyquist.
6:54 of 2nd period - Stopped by Arvid Soderblom without a rebound.
6:55 of 2nd period - Nick Bjugstad wins face-off versus Joel Farabee in SAN DIEGO THUNDER zone.
7:02 of 2nd period - Shot by Trevor Moore.
7:02 of 2nd period - Shot Misses the Net.
7:12 of 2nd period - Shot by Brady Tkachuk.
7:12 of 2nd period - Stopped by Arvid Soderblom without a rebound.
7:13 of 2nd period - Radek Faksa wins face-off versus Dakota Joshua in SAN DIEGO THUNDER zone.
7:18 of 2nd period - Jake Neighbours is hit by Dakota Joshua and loses puck.
7:24 of 2nd period - Off-side.
7:25 of 2nd period - Joel Farabee wins face-off versus Nick Bjugstad in neutral zone.
7:46 of 2nd period - Shot by Brady Tkachuk.
7:46 of 2nd period - Stopped by Arvid Soderblom without a rebound.
7:47 of 2nd period - Wyatt Johnston wins face-off versus Bo Horvat in SAN DIEGO THUNDER zone.
8:20 of 2nd period - Shot by Zach Hyman.
8:20 of 2nd period - Stopped by Arvid Soderblom without a rebound.
8:21 of 2nd period - Radek Faksa wins face-off versus Trevor Moore in SAN DIEGO THUNDER zone.
8:53 of 2nd period - Shot by Trevor Moore.
8:53 of 2nd period - Deflect By Brady Tkachuk.
8:53 of 2nd period - Stopped by Arvid Soderblom without a rebound.
8:54 of 2nd period - Bo Horvat wins face-off versus Joel Farabee in SAN DIEGO THUNDER zone.
8:54 of 2nd period - Bo Horvat is hit by Jack Johnson.
8:58 of 2nd period - Shot by Bo Horvat.
8:58 of 2nd period - Stopped by Arvid Soderblom without a rebound.
8:59 of 2nd period - Bo Horvat wins face-off versus Brendan Gallagher in SAN DIEGO THUNDER zone.
9:02 of 2nd period - Shot by Zach Hyman.
9:02 of 2nd period - Deflect By Gustav Nyquist.
9:02 of 2nd period - Stopped by Arvid Soderblom with a rebound.
9:04 of 2nd period - Shot by Brock Faber.
9:04 of 2nd period - Stopped by Arvid Soderblom without a rebound.
9:05 of 2nd period - Wyatt Johnston wins face-off versus Bo Horvat in SAN DIEGO THUNDER zone.
9:07 of 2nd period - Icing by Brendan Gallagher.
9:08 of 2nd period - Wyatt Johnston wins face-off versus Bo Horvat in SAN DIEGO THUNDER zone.
9:16 of 2nd period - Shot by Bo Horvat.
9:16 of 2nd period - Goal by Bo Horvat - SAN DIEGO THUNDER : 0 - SAN FRANCISCO SPIDERS : 3.
9:17 of 2nd period - Bo Horvat wins face-off versus Brendan Gallagher in neutral zone.
9:21 of 2nd period - Erik Cernak is hit by Brent Burns and loses puck.
9:32 of 2nd period - Gustav Nyquist is hit by Wyatt Johnston.
9:33 of 2nd period - Icing by Gustav Nyquist.
9:34 of 2nd period - Bo Horvat wins face-off versus Luke Kunin in SAN FRANCISCO SPIDERS zone.
9:49 of 2nd period - Shot by Gustav Nyquist.
9:49 of 2nd period - Stopped by Arvid Soderblom with a rebound.
10:04 of 2nd period - Zach Hyman is hit by Connor Murphy and loses puck.
10:10 of 2nd period - Gustav Nyquist is hit by Connor Murphy and loses puck.
10:18 of 2nd period - Gustav Nyquist is hit by Connor Murphy and loses puck.
10:40 of 2nd period - Shot by Nick Bjugstad.
10:40 of 2nd period - Stopped by Arvid Soderblom without a rebound.
10:41 of 2nd period - Wyatt Johnston wins face-off versus Dakota Joshua in SAN DIEGO THUNDER zone.
10:45 of 2nd period - Off-side.
10:46 of 2nd period - Nick Bjugstad wins face-off versus Wyatt Johnston in neutral zone.
10:56 of 2nd period - Shot by Brendan Gallagher.
10:56 of 2nd period - Shot Misses the Net.
10:59 of 2nd period - Minor Penalty to Sean Durzi for Tripping.
11:00 of 2nd period - Wyatt Johnston wins face-off versus Nick Bjugstad in SAN FRANCISCO SPIDERS zone.
11:32 of 2nd period - Shot by Wyatt Johnston.
11:32 of 2nd period - Shot Misses the Net.
12:09 of 2nd period - Icing by Connor Murphy.
12:10 of 2nd period - Nick Bjugstad wins face-off versus Radek Faksa in SAN DIEGO THUNDER zone.
12:17 of 2nd period - Shot by Nick Bjugstad.
12:17 of 2nd period - Shot Misses the Net.
14:13 of 2nd period - Icing by Erik Cernak.
14:14 of 2nd period - Nick Bjugstad wins face-off versus Joel Farabee in SAN DIEGO THUNDER zone.
14:15 of 2nd period - Shot by Brent Burns.
14:15 of 2nd period - Stopped by Arvid Soderblom without a rebound.
14:16 of 2nd period - Nick Bjugstad wins face-off versus Joel Farabee in SAN DIEGO THUNDER zone.
14:55 of 2nd period - Joel Farabee is hit by Brady Tkachuk and loses puck.
15:50 of 2nd period - Shot by Gustav Nyquist.
15:50 of 2nd period - Deflect By Zach Hyman.
15:50 of 2nd period - Stopped by Arvid Soderblom without a rebound.
15:51 of 2nd period - Radek Faksa wins face-off versus Connor McMichael in SAN DIEGO THUNDER zone.
15:51 of 2nd period - Radek Faksa is hit by Justin Brazeau.
17:03 of 2nd period - Shot by Bo Horvat.
17:03 of 2nd period - Shot Blocked by Jack Johnson.
17:14 of 2nd period - Shot by Bo Horvat.
17:14 of 2nd period - Stopped by Arvid Soderblom without a rebound.
17:15 of 2nd period - Nick Bjugstad wins face-off versus Wyatt Johnston in SAN DIEGO THUNDER zone.
18:53 of 2nd period - Minor Penalty to Gustav Nyquist for Hooking.
18:54 of 2nd period - Nick Bjugstad wins face-off versus Radek Faksa in SAN FRANCISCO SPIDERS zone.
19:22 of 2nd period - Icing by Radek Faksa.
19:23 of 2nd period - Radek Faksa wins face-off versus Nick Bjugstad in SAN DIEGO THUNDER zone.
19:57 of 2nd period - Shot by Viktor Arvidsson.
19:57 of 2nd period - Deflect By Aliaksei Protas.
19:57 of 2nd period - Stopped by Igor Shesterkin without a rebound.
19:58 of 2nd period - Bo Horvat wins face-off versus Wyatt Johnston in SAN FRANCISCO SPIDERS zone.
Goals for this period are 0 for SAN DIEGO THUNDER vs 1 for SAN FRANCISCO SPIDERS.
Shots for this period are 6 for SAN DIEGO THUNDER vs 16 for SAN FRANCISCO SPIDERS.

3rd period


0:01 of 3rd period - Nick Bjugstad wins face-off versus Wyatt Johnston in neutral zone.
0:21 of 3rd period - Icing by Nicklaus Perbix.
0:22 of 3rd period - Nick Bjugstad wins face-off versus Wyatt Johnston in SAN DIEGO THUNDER zone.
0:37 of 3rd period - Brendan Gallagher is hit by Shea Theodore and loses puck.
0:42 of 3rd period - Shot by Wyatt Johnston.
0:42 of 3rd period - Stopped by Igor Shesterkin with a rebound.
0:44 of 3rd period - Shot by Nicklaus Perbix.
0:44 of 3rd period - Stopped by Igor Shesterkin without a rebound.
0:45 of 3rd period - Radek Faksa wins face-off versus Nick Bjugstad in SAN FRANCISCO SPIDERS zone.
1:26 of 3rd period - Shot by Gustav Nyquist.
1:26 of 3rd period - Stopped by Arvid Soderblom without a rebound.
1:27 of 3rd period - Dakota Joshua wins face-off versus Joel Farabee in SAN DIEGO THUNDER zone.
2:33 of 3rd period - Shot by Trevor Moore.
2:33 of 3rd period - Shot Misses the Net.
2:35 of 3rd period - Shot by Brock Faber.
2:35 of 3rd period - Shot Misses the Net.
3:06 of 3rd period - Wyatt Johnston is hit by Brady Tkachuk and loses puck.
3:34 of 3rd period - Zach Hyman is hit by Derek Forbort and loses puck.
3:39 of 3rd period - Shot by Bo Horvat.
3:39 of 3rd period - Shot Misses the Net.
3:41 of 3rd period - Shot by Gustav Nyquist.
3:41 of 3rd period - Stopped by Arvid Soderblom without a rebound.
3:42 of 3rd period - Radek Faksa wins face-off versus Connor McMichael in SAN DIEGO THUNDER zone.
3:47 of 3rd period - Shea Theodore is hit by Radek Faksa and loses puck.
4:58 of 3rd period - Shot by Zach Hyman.
4:58 of 3rd period - Shot Misses the Net.
5:37 of 3rd period - Shot by Brady Tkachuk.
5:37 of 3rd period - Shot Misses the Net.
5:47 of 3rd period - Shot by Nick Bjugstad.
5:47 of 3rd period - Stopped by Arvid Soderblom without a rebound.
5:48 of 3rd period - Dmitri Voronkov wins face-off versus Dakota Joshua in SAN DIEGO THUNDER zone.
5:48 of 3rd period - Dmitri Voronkov is hit by Andrei Svechnikov.
6:12 of 3rd period - Shot by Wyatt Johnston.
6:12 of 3rd period - Stopped by Igor Shesterkin without a rebound.
6:13 of 3rd period - Brady Tkachuk wins face-off versus Wyatt Johnston in SAN FRANCISCO SPIDERS zone.
6:25 of 3rd period - Icing by Marcus Johansson.
6:26 of 3rd period - Bo Horvat wins face-off versus Wyatt Johnston in SAN DIEGO THUNDER zone.
6:27 of 3rd period - Shot by Zach Hyman.
6:27 of 3rd period - Shot Misses the Net.
6:43 of 3rd period - Shot by Wyatt Johnston.
6:43 of 3rd period - Shot Misses the Net.
6:55 of 3rd period - Shot by Wyatt Johnston.
6:55 of 3rd period - Shot Misses the Net.
7:33 of 3rd period - Shot by Trevor Moore.
7:33 of 3rd period - Shot Misses the Net.
7:56 of 3rd period - Off-side.
7:57 of 3rd period - Joel Farabee wins face-off versus Dakota Joshua in neutral zone.
8:00 of 3rd period - Shot by Viktor Arvidsson.
8:00 of 3rd period - Shot Misses the Net.
8:17 of 3rd period - Icing by Jared McCann.
8:18 of 3rd period - Wyatt Johnston wins face-off versus Dakota Joshua in SAN FRANCISCO SPIDERS zone.
8:31 of 3rd period - Shot by Wyatt Johnston.
8:31 of 3rd period - Stopped by Igor Shesterkin with a rebound.
8:45 of 3rd period - Shot by Wyatt Johnston.
8:45 of 3rd period - Shot Blocked by Jacob Middleton.
8:47 of 3rd period - Shot by Brendan Gallagher.
8:47 of 3rd period - Stopped by Igor Shesterkin with a rebound.
8:49 of 3rd period - Shot by Wyatt Johnston.
8:49 of 3rd period - Shot Misses the Net.
8:51 of 3rd period - Shot by Wyatt Johnston.
8:51 of 3rd period - Stopped by Igor Shesterkin without a rebound.
8:52 of 3rd period - Nick Bjugstad wins face-off versus Joel Farabee in SAN FRANCISCO SPIDERS zone.
9:52 of 3rd period - Shot by Gustav Nyquist.
9:52 of 3rd period - Stopped by Arvid Soderblom without a rebound.
9:53 of 3rd period - Bo Horvat wins face-off versus Wyatt Johnston in SAN DIEGO THUNDER zone.
9:58 of 3rd period - Shot by Bo Horvat.
9:58 of 3rd period - Shot Misses the Net.
10:42 of 3rd period - Bo Horvat is hit by Derek Forbort and loses puck.
11:17 of 3rd period - Jacob Middleton is hit by Jake Neighbours and loses puck.
12:05 of 3rd period - Icing by Brent Burns.
12:06 of 3rd period - Joel Farabee wins face-off versus Nick Bjugstad in SAN FRANCISCO SPIDERS zone.
12:13 of 3rd period - Shot by Viktor Arvidsson.
12:13 of 3rd period - Stopped by Igor Shesterkin without a rebound.
12:14 of 3rd period - Bo Horvat wins face-off versus Joel Farabee in SAN FRANCISCO SPIDERS zone.
12:25 of 3rd period - Icing by Marc Staal.
12:26 of 3rd period - Nick Bjugstad wins face-off versus Joel Farabee in SAN DIEGO THUNDER zone.
12:42 of 3rd period - Viktor Arvidsson is hit by Shea Theodore and loses puck.
13:47 of 3rd period - Shot by Marcus Johansson.
13:47 of 3rd period - Stopped by Igor Shesterkin with a rebound.
13:49 of 3rd period - Shot by Brendan Gallagher.
13:49 of 3rd period - Shot Misses the Net.
13:51 of 3rd period - Shot by Nicklaus Perbix.
13:51 of 3rd period - Deflect By Marcus Johansson.
13:51 of 3rd period - Stopped by Igor Shesterkin without a rebound.
13:52 of 3rd period - Radek Faksa wins face-off versus Bo Horvat in SAN FRANCISCO SPIDERS zone.
14:15 of 3rd period - Shot by Zach Hyman.
14:15 of 3rd period - Stopped by Arvid Soderblom with a rebound.
14:37 of 3rd period - Shot by Zach Hyman.
14:37 of 3rd period - Stopped by Arvid Soderblom without a rebound.
14:38 of 3rd period - Dakota Joshua wins face-off versus Dmitri Voronkov in SAN DIEGO THUNDER zone.
14:42 of 3rd period - Icing by Erik Cernak.
14:43 of 3rd period - Dmitri Voronkov wins face-off versus Dakota Joshua in SAN DIEGO THUNDER zone.
14:56 of 3rd period - Jacob Middleton is hit by Dmitri Voronkov.
15:00 of 3rd period - Andrei Svechnikov is hit by Steven Lorentz and loses puck.
15:13 of 3rd period - Shot by Wyatt Johnston.
15:13 of 3rd period - Stopped by Igor Shesterkin with a rebound.
15:15 of 3rd period - Shot by Erik Cernak.
15:15 of 3rd period - Shot Misses the Net.
15:17 of 3rd period - Shot by Wyatt Johnston.
15:17 of 3rd period - Shot Blocked by Jacob Middleton.
15:19 of 3rd period - Shot by Dmitri Voronkov.
15:19 of 3rd period - Shot Blocked by Jacob Middleton.
15:21 of 3rd period - Shot by Erik Cernak.
15:21 of 3rd period - Stopped by Igor Shesterkin without a rebound.
15:22 of 3rd period - Joel Farabee wins face-off versus Nick Bjugstad in SAN FRANCISCO SPIDERS zone.
15:36 of 3rd period - Viktor Arvidsson is hit by Brent Burns and loses puck.
15:40 of 3rd period - Joel Farabee is hit by Brady Tkachuk and loses puck.
15:49 of 3rd period - Shot by Joel Farabee.
15:49 of 3rd period - Shot Blocked by Brent Burns.
15:51 of 3rd period - Shot by Nicklaus Perbix.
15:51 of 3rd period - Stopped by Igor Shesterkin without a rebound.
15:52 of 3rd period - Bo Horvat wins face-off versus Jake Neighbours in SAN FRANCISCO SPIDERS zone.
16:24 of 3rd period - Shot by Zach Hyman.
16:24 of 3rd period - Shot Misses the Net.
16:26 of 3rd period - Shot by Bo Horvat.
16:26 of 3rd period - Shot Blocked by Jack Johnson.
16:29 of 3rd period - Bo Horvat is hit by Connor Murphy and loses puck.
17:07 of 3rd period - Shot by Brady Tkachuk.
17:07 of 3rd period - Shot Misses the Net.
17:09 of 3rd period - Shot by Shea Theodore.
17:09 of 3rd period - Deflect By Trevor Moore.
17:09 of 3rd period - Shot Misses the Net.
17:11 of 3rd period - Shot by Nick Bjugstad.
17:11 of 3rd period - Stopped by Arvid Soderblom without a rebound.
17:12 of 3rd period - Wyatt Johnston wins face-off versus Dakota Joshua in SAN DIEGO THUNDER zone.
17:40 of 3rd period - Icing by Jacob Middleton.
17:41 of 3rd period - Dakota Joshua wins face-off versus Joel Farabee in SAN FRANCISCO SPIDERS zone.
18:55 of 3rd period - Brendan Gallagher is hit by Brent Burns.
19:11 of 3rd period - Icing by Brent Burns.
19:12 of 3rd period - Nick Bjugstad wins face-off versus Radek Faksa in SAN FRANCISCO SPIDERS zone.
19:32 of 3rd period - Shot by Jake Neighbours.
19:32 of 3rd period - Deflect By Filip Zadina.
19:32 of 3rd period - Shot Misses the Net.
19:34 of 3rd period - Shot by Jack Johnson.
19:34 of 3rd period - Shot Misses the Net.
19:36 of 3rd period - Shot by Connor Murphy.
19:36 of 3rd period - Goal by Connor Murphy - SAN DIEGO THUNDER : 1 - SAN FRANCISCO SPIDERS : 3.
19:37 of 3rd period - Bo Horvat wins face-off versus Joel Farabee in neutral zone.
Goals for this period are 1 for SAN DIEGO THUNDER vs 0 for SAN FRANCISCO SPIDERS.
Shots for this period are 13 for SAN DIEGO THUNDER vs 7 for SAN FRANCISCO SPIDERS.


VINCE
DUNN
JAMIE
BENN
JONATHAN
DROUIN

EAST COAST

HOCKEY LEAGUE